 Dungeon Crawl Stone Soup version 0.22.1-2-g9c5b331383 (webtiles) character file.

135 Gargoyl the Skirmisher (level 4, -11/40 HPs)
             Began as a Centaur Abyssal Knight on Dec 17, 2018.
             Was a Believer of Lugonu.
             Killed by divine providence
             ... invoked by an orc priest
              (17 damage)
             ... on level 3 of the Dungeon.
             The game lasted 00:04:45 (2700 turns).

Gargoyl the Skirmisher (Centaur Abyssal Knight)     Turns: 2700, Time: 00:04:45

Health: -11/40     AC:  9    Str: 14    XL:     4   Next: 97%
Magic:  6/6        EV:  7    Int: 11    God:    Lugonu [**....]
Gold:   187        SH:  3    Dex: 10    Spells: 3/3 levels left

rFire    . . .     SeeInvis .   o - -1 blowgun (curse)
rCold    . . .     Gourm    .   m - +0 buckler
rNeg     . . .     Faith    .   p - +0 ring mail
rPois    .         Spirit   .   d - +2 hat
rElec    .         Reflect  .   (no cloak)
rCorr    .         Harm     .   b - +1 pair of gloves
MR       .....                  (no barding)
Stlth    ..........             (no amulet)
HPRegen  0.13/turn              (no ring)
MPRegen  0.10/turn              (no ring)

@: drained, very quick
A: large, hooves 3, deformed body, speed 2, tough skin 3
a: Depart the Abyss, Bend Space, Renounce Religion


You were on level 3 of the Dungeon.
You worshipped Lugonu.
Lugonu was pleased with you.
You were hungry.

You visited 1 branch of the dungeon, and saw 3 of its levels.
You visited the Abyss 1 time.

You collected 187 gold pieces.

Inventory:

Hand Weapons
 a - a +1 hand axe
 o - a cursed -1 blowgun (weapon)
Missiles
 r - 2 poisoned needles (quivered)
Armour
 b - a +1 pair of gloves (worn)
 d - a +2 hat (worn)
 m - a +0 buckler (worn)
 p - a +0 ring mail (worn)
Wands
 q - a wand of paralysis (15)
Scrolls
 i - 3 scrolls of teleportation
 j - 2 scrolls of fear
 l - a scroll of identify
Potions
 e - a potion of resistance
 f - a potion of curing {unknown}
 g - a potion of brilliance {unknown}
 h - 2 potions of haste
 k - a potion of flight {unknown}
Comestibles
 c - 2 rations


   Skills:
 + Level 3.8(3.1) Fighting
 + Level 2.6(1.9) Axes
 + Level 0.3(0.0) Throwing
 * Level 2.2(1.6) Armour
 + Level 1.1(0.4) Dodging
 * Level 3.0(2.3) Invocations


You had 3 spell levels left.
You didn't know any spells.
Your spell library contained the following spells:

 Spells                   Type           Power        Failure   Level  Hunger
 Confusing Touch          Hex            #.....       77%         1    ##.....
 Confuse                  Hex            #.......     98%         3    ####...
 Gell's Gravitas          Tloc           #.........   98%         3    ####...
 Petrify                  Tmut/Erth      #.......     100%        4    #####..
 Metabolic Englaciation   Hex/Ice        #.........   100%        5    ######.
 Yara's Violent Unravell  Hex/Tmut       #.........   100%        5    ######.


Dungeon Overview and Level Annotations

Branches:
Dungeon (3/15)

Altars:
Nemelex Xobeh


Innate Abilities, Weirdness & Mutations

You have hooves in place of feet.
Armour fits poorly on your strangely shaped body.
You cover ground very quickly.
You have extremely tough skin. (AC +3)


Message History

You barely miss the orc. You kick the orc.
The orc is lightly wounded.
The orc hits you but does no damage.
You feel drained.
The orc priest calls down the wrath of Beogh upon you.
Beogh smites you! The orc barely misses you.
You clumsily bash the orc but do no damage.
You kick the orc.
You kill the orc!
Lugonu accepts your kill.
Unknown command.
You see here a poisoned needle.
The orc priest mumbles some strange prayers to Beogh against you.
Beogh smites you!
* * * LOW HITPOINT WARNING * * *
The orc priest begins to cast a cantrip, but forgets the words!
The orc priest casts a cantrip, but nothing happens.
There is a stone staircase leading up here.
The orc priest mumbles some strange prayers to Beogh against you.
Beogh smites you!
You die...

#######.# #.#
#.################
#.##.............#
#######......#########.#
................# #.#
##########.#.##.# #.# #
#.#[##.## #.# #
#.#....@# #.# ##
#.####..# #.# .# #.#
#..#####.# .## #.#
#......).# ..########.#
##.####..#
.........#.####.o.###..#
.(######.#......o......#
.## #.######(..###.## .#
#.# #.)(..## #.#


You could see an orc priest and an orc.

Vanquished Creatures
  A crimson imp (D:3)
  An orc wizard (D:3)
  2 adders (D:2)
  2 dart slugs
  2 leopard geckos
  2 orcs (D:3)
  5 bats
  4 giant cockroaches
  9 goblins
  5 hobgoblins
  7 kobolds
  A frilled lizard (D:2)
  3 rats (D:2)
44 creatures vanquished.

Notes
Turn   | Place    | Note
-------+----------+-------------------------------------------
     0 | Abyss:1  | Gargoyl the Centaur Abyssal Knight began the quest for the
                  | Orb.
     0 | Abyss:1  | Reached XP level 1. HP: 19/19 MP: 2/2
    54 | Abyss:1  | Noticed a small abomination
    62 | Abyss:1  | Noticed a rust devil
    65 | D:1      | Escaped the Abyss
   200 | D:1      | Reached XP level 2. HP: 21/26 MP: 3/3
   203 | D:1      | Reached * piety under Lugonu
   923 | D:2      | Reached XP level 3. HP: 17/31 MP: 4/4
  2085 | D:3      | Reached ** piety under Lugonu
  2095 | D:3      | Found a sparkling altar of Nemelex Xobeh.
  2105 | D:3      | Reached skill level 1 in Dodging
  2112 | D:3      | Reached XP level 4. HP: 34/40 MP: 4/6
  2700 | D:3      | Killed from afar by an orc priest

Skill      XL: |  1  2  3  4 |
---------------+-------------+-----
Axes           | 2 |  2.6
Dodging        | 1 |  1.1
Armour         | 2 |  2.2
Invocations    | 3 |  3.0
Fighting       | |  3.8
Throwing       | |  0.3

Action                   |  1- 3 |  4- 6 || total
-------------------------+-------+-------++-------
Melee: Hand axe          |    83 |     5 ||    88
       Kick              |    15 |     8 ||    23
       Blowgun           |       |    11 ||    11
 Fire: Blowgun           |       |    15 ||    15
Invok: Depart the Abyss  |     1 |       ||     1
  Use: Scroll            |     9 |     1 ||    10
  Eat: Chunk             |     2 |     1 ||     3
Armor: Leather armour    |    10 |       ||    10
       Ring mail         |    36 |    10 ||    46
Dodge: Dodged            |    41 |     9 ||    50
Block: Buckler           |     6 |     1 ||     7
